 Dungeon Crawl Stone Soup version bcrawl-1.19.1 (webtiles) character file.

Game seed: 1077027261297424946

1360 Freyura the Cudgeler (level 8, -2/50 HPs)
             Began as a Gargoyle Fighter on Nov 20, 2019.
             Was a Believer of the Shining One.
             Slain by Menkaure (12 damage)
             ... on level 6 of the Dungeon.
             The game lasted 00:17:02 (5300 turns).

Freyura the Cudgeler (Gargoyle Fighter)             Turns: 5300, Time: 00:17:02

Health: -2/50      AC: 18    Str: 20    XL:     8   Next: 64%
Magic:  9/9        EV:  9    Int:  9    God:    the Shining One [**....]
Gold:   359        SH: 13    Dex: 11    Spells: 7/7 levels left

rFire    . . .     SeeInvis .   a - +1 flail
rCold    . . .     Gourm    .   c - +0 shield
rNeg     + + .     Faith    .   b - +0 scale mail
rPois    ∞         Spirit   .   l - +1 helmet
rElec    +         Reflect  +   e - +2 cloak
rCorr    .         Harm     .   (no gloves)
MR       .....                  (no boots)
Stlth    ..........             t - +3 amulet of reflection
HPRegen  0.16/turn              (no ring)
MPRegen  0.11/turn              (no ring)

@: glowing
A: negative energy resistance 1, electricity resistance, unbreathing,
petrification resistance, rot immunity, AC +5
a: Divine Shield, Renounce Religion


You were on level 6 of the Dungeon.
You worshipped the Shining One.
The Shining One was pleased with you.
You were not hungry.

You visited 2 branches of the dungeon, and saw 7 of its levels.

You collected 398 gold pieces.
You donated 39 gold pieces to Zin.

Inventory:

Hand Weapons
 a - a +1 flail (weapon)
Armour
 b - a +0 scale mail (worn)
 c - a +0 shield (worn)
 e - a +2 cloak (worn)
 l - a +1 helmet (worn)
 u - a +0 plate armour
Jewellery
 t - a +3 amulet of reflection (around neck)
Scrolls
 i - a scroll of vulnerability {unknown}
 j - a scroll of enchant weapon
 k - 2 scrolls of magic mapping
 r - 2 scrolls of identify
 s - a scroll of remove curse
 v - a scroll of fear {unknown}
 w - a scroll of blinking {unknown}
Potions
 d - a potion of might
 g - 2 potions of agility
 h - 3 potions of flight
 m - 2 potions of brilliance
 n - a potion of mutation {unknown}
 o - 2 potions of degeneration {unknown}
 p - a potion of magic {unknown}
 q - 5 potions of curing
Comestibles
 f - 12 rations {!d}


   Skills:
 + Level 5.4 Fighting
 * Level 6.0 Maces & Flails
 + Level 5.5 Armour
 + Level 3.2 Dodging
 + Level 5.4 Shields
 + Level 2.4 Invocations


You had 7 spell levels left.
You didn't know any spells.
Your spell library contained the following spells:

 Spells                   Type           Power        Failure   Level  Hunger
 Magic Dart               Conj           #...         98%         1    ##.....
 Blink                    Tloc           N/A          99%         2    ###....
 Call Imp                 Summ           #.....       99%         2    ###....
 Conjure Flame            Conj/Fire      #.......     100%        3    ####...
 Mephitic Cloud           Conj/Pois/Air  #.......     100%        3    ####...
 Spider Form              Tmut/Pois      #..          100%        3    ####...


Dungeon Overview and Level Annotations

Branches:
Dungeon (6/12)             Temple (1/1) D:6

Altars:
Ashenzari
Cheibriados
Dithmenos
Elyvilon
Fedhas
Gozag
Hepliaklqana
Kikubaaqudgha
Lugonu
Makhleb
Nemelex Xobeh
Okawaru
Qazlal
Ru
Sif Muna
Uskayaw
Vehumet
Wu Jian
Xom
Yredelemnul
Zin
The Shining One

Annotations:
D:6 Menkaure


Innate Abilities, Weirdness & Mutations

You are resistant to torment.
Your stone body is resilient. (AC +5)
You are immune to poison.
You resist negative energy. (rN+)
You are resistant to electric shocks. (rElec)
You can survive without breathing.
You are immune to petrification.
You are immune to rotting.


Message History

Your body is wracked with pain!
The orc convulses!
You block the orc warrior's attack.
You sock the orc warrior!
You kill the orc warrior!
Your Maces & Flails skill increases to level 6!
You hit the orc.
The orc is heavily wounded.
The orc priest calls down the wrath of Beogh upon you.
Beogh smites you!
* * * LOW HITPOINT WARNING * * *
The orc hits you but does no damage. You block the orc's attack.
You hit the orc but do no damage.
The orc is heavily wounded.
The orc priest calls upon Beogh to heal the orc.
The orc's wounds heal themselves!
The orc hits you but does no damage.
You sock the orc!
You kill the orc!
Your shield and scale mail prevent you from hitting Menkaure.
Menkaure hits you!
You die...

#..# ##.#........#
.# ###..#
#.########.###.#
+...## #.#
##...##### ###.#
#+# #........# #
#.# ... #.#..#.#.#
###.# ....
#.#..#.#.# ....#
..... #.(..#.#.#
..####
......####......#.#
.(...+
.....oM@......#.#.#
..####
####..####......#.#
.## #. ##.#.#.#.#
## + #.......#
##### #.#######
≈≈..# ## #.# §≈≈.#
.# #.# ≈≈≈≈# .# #.#
>≈≈≈# ##.## #.#


You could see Menkaure and an orc priest.

Vanquished Creatures
  2 orc warriors (D:6)
  An ice beast (D:6)
  2 ogres
  A big kobold (D:6)
  A scorpion (D:6)
  A howler monkey (D:5)
  2 crimson imps
  A quasit (D:6)
  A bullfrog skeleton (D:4)
  An orc priest (D:1)
  2 centaur skeletons
  3 orc wizards
  7 worker ants
  2 iguanas
  Robin (D:4)
  6 gnolls
  8 adders
  A shadow imp (D:5)
  An ooze (D:1)
  An adder skeleton (D:5)
  2 worms (D:4)
  2 dart slugs
  7 leopard geckos
  8 orcs
  4 giant cockroaches
  10 goblins
  14 hobgoblins
  11 jackals
  6 kobolds
  3 quokkas
  6 bats
  2 frilled lizards
  A leopard gecko skeleton (D:4)
  A quokka skeleton (D:5)
  7 rats
129 creatures vanquished.

Vanquished Creatures (others)
  An orc (D:5)
1 creature vanquished.

Grand Total: 130 creatures vanquished

Notes
Turn   | Place    | Note
-------+----------+-------------------------------------------
     0 | D:1      | Freyura the Gargoyle Fighter began the quest for the Orb.
     0 | D:1      | Reached XP level 1. HP: 14/14 MP: 1/1
    81 | D:1      | Reached XP level 2. HP: 19/19 MP: 2/2
   774 | D:1      | Reached XP level 3. HP: 19/23 MP: 3/3
  1059 | D:1      | Reached skill level 1 in Dodging
  1071 | D:2      | Found a hide-covered altar of Uskayaw.
  1084 | D:1      | Reached XP level 4. HP: 16/29 MP: 4/4
  1264 | D:1      | Reached skill level 3 in Maces & Flails
  1520 | D:2      | Reached XP level 5. HP: 15/33 MP: 5/5
  2242 | D:3      | Found a snail-covered altar of Cheibriados.
  2332 | D:3      | Reached XP level 6. HP: 35/38 MP: 6/6
  2335 | D:3      | Found a glowing silver altar of Zin.
  2343 | D:3      | Became a worshipper of Zin the Law-Giver
  2343 | D:3      | Reached * piety under Zin
  2391 | D:3      | Found a shimmering blue altar of Sif Muna.
  2758 | D:3      | Reached skill level 4 in Maces & Flails
  3369 | D:4      | Reached XP level 7. HP: 42/44 MP: 7/7
  3373 | D:4      | Reached ** piety under Zin
  3496 | D:4      | Reached *** piety under Zin
  3541 | D:4      | Found a stormy altar of Qazlal.
  3638 | D:4      | Noticed Robin
  3656 | D:4      | Killed Robin
  3917 | D:5      | Entered Level 5 of the Dungeon
  4152 | D:5      | Reached skill level 5 in Maces & Flails
  4303 | D:5      | Reached **** piety under Zin
  4310 | D:5      | Reached skill level 5 in Armour
  4310 | D:5      | Reached skill level 1 in Invocations
  4565 | D:5      | Reached XP level 8. HP: 48/48 MP: 8/8
  4765 | D:6      | Reached skill level 5 in Fighting
  4797 | D:6      | Reached skill level 5 in Shields
  4984 | D:6      | Found a staircase to the Ecumenical Temple.
  5031 | Temple   | Entered the Ecumenical Temple
  5158 | Temple   | Fell from the grace of Zin
  5158 | Temple   | Became a worshipper of the Shining One
  5158 | Temple   | Reached * piety under the Shining One
  5158 | Temple   | Reached ** piety under the Shining One
  5286 | D:6      | Noticed Menkaure
  5296 | D:6      | Reached skill level 6 in Maces & Flails
  5300 | D:6      | Slain by Menkaure

Skill      XL: |  1  2  3  4  5  6  7  8 |
---------------+-------------------------+-----
Dodging        | 1 2 3 |  3.2
Maces & Flails | 3 4 5 6 |  6.0
Armour         | 4 5 |  5.5
Fighting       | 4 5 |  5.4
Shields        | 4 5 |  5.4
Invocations    | 1 2 |  2.4

Action                   |  1- 3 |  4- 6 |  7- 9 || total
-------------------------+-------+-------+-------++-------
Melee: Flail             |   108 |   271 |   253 ||   632
  Use: Scroll            |       |     7 |     5 ||    12
       Potion            |       |       |     1 ||     1
  Eat: Chunk             |     1 |     7 |     2 ||    10
       Ration            |       |       |     2 ||     2
Armor: Scale mail        |    71 |   171 |   162 ||   404
Dodge: Dodged            |    54 |    97 |    98 ||   249
Block: Shield            |    68 |   170 |   211 ||   449
       Reflection        |       |       |     5 ||     5
